 Dungeon Crawl Stone Soup version 0.29-a0-414-g5075937ec3 (webtiles) character file.

Game seed: 16814540758084394773

116 xian the Conjurer (level 5, -1/28 HPs)
             Began as a Gargoyle Conjurer on May 15, 2022.
             Killed from afar by an electric eel (5 damage)
             ... with a bolt of electricity
             ... on level 6 of the Dungeon.
             The game lasted 00:18:22 (3432 turns).

xian the Conjurer (Gargoyle Conjurer)               Turns: 3432, Time: 00:18:23

Health: -1/28      AC: 10    Str: 10    XL:     5   Next: 0%
Magic:  0/9        EV: 10    Int: 21    God:
Gold:   232        SH:  0    Dex:  8    Spells: 7/10 levels left

rFire   . . .      SeeInvis .   u - +0 quarterstaff
rCold   . . .      Faith    .   (shield currently unavailable)
rNeg    + . .      Spirit   .   c - +0 ring mail
rPois   ∞          Reflect  .   (no helmet)
rElec   +          Harm     .   (no cloak)
rCorr   .          Rampage  .   o - +0 pair of gloves
Will    .....                   (no boots)
Stlth   +.........              (no amulet)
HPRegen 0.09/turn               (no ring)
MPRegen 0.11/turn               (no ring)

@: no status effects
A: sickness immunity, AC +4, negative energy resistance 1, electricity
resistance, torment resistance 1, petrification resistance
a: no special abilities


You were on level 6 of the Dungeon.
You visited 1 branch of the dungeon, and saw 5 of its levels.

You collected 232 gold pieces.

Inventory:

Hand Weapons
 u - a +0 quarterstaff (weapon)
Armour
 a - a +0 robe
 c - a +0 ring mail (worn)
 o - a +0 pair of gloves (worn)
Jewellery
 m - a +4 ring of evasion
 r - a ring of wizardry
Scrolls
 f - 2 scrolls of identify {unknown}
 g - a scroll of blinking {unknown}
 i - a scroll of enchant weapon {unknown}
 j - a scroll of enchant armour {unknown}
 q - a scroll of immolation
 s - a scroll of teleportation
 t - a scroll of noise {unknown}
Potions
 b - a potion of magic
 d - 3 potions of curing {unknown}
 e - a potion of attraction {unknown}
 h - 3 potions of mutation {unknown}
 k - 2 potions of degeneration {unknown}
 l - a potion of berserk rage {unknown}
 n - a potion of lignification {unknown}
 p - 2 potions of ambrosia {unknown}


   Skills:
 + Level 1.7 Armour
 + Level 1.8 Dodging
 + Level 2.3 Stealth
 + Level 1.1 Unarmed Combat
 + Level 3.0 Spellcasting
 + Level 5.3 Conjurations


You had 7 spell levels left.
You knew the following spells:

 Your Spells              Type           Power      Damage    Failure   Level
a - Magic Dart            Conj           100%       1d8       3%          1
b - Searing Ray           Conj           50%        2d6       6%          2

Your spell library contained the following spells:

 Spells                   Type           Power      Damage    Failure   Level
 Dazzling Flash           Conj/Hex       28%        N/A       34%         3
 Corpse Rot               Necr/Air       6%         N/A       45%         2
 Fulminant Prism          Conj/Hex       7%         3d7       75%         4
 Iskenderun's Mystic Bla  Conj/Tloc      14%        2d5       75%         4
 Dispel Undead            Necr           3%         3d7       97%         4
 Death Channel            Necr           1%         N/A       100%        6


Dungeon Overview and Level Annotations

Branches:
Dungeon (4/15)
 Temple: D:4-7

Altars:


Innate Abilities, Weirdness & Mutations

You are immune to sickness and miasma.
Your stone body is resilient. (AC +4)
You are immune to poison.
You resist negative energy. (rN+)
You are resistant to electric shocks. (rElec)
You are resistant to unholy torment.
You are immune to petrification.


Message History

The steam dragon claws you but does no damage.
Unknown command.
The searing ray hits the steam dragon.
The steam dragon is severely wounded.
The plant is engulfed in a cloud of scalding steam.
The plant begins to die.
The steam dragon bites you but does no damage.
The steam dragon claws you but does no damage.
Unknown command.
The searing ray hits the steam dragon but does no damage.
The steam dragon is severely wounded.
You finish channelling your searing ray.
The steam dragon bites you but does no damage.
The steam dragon barely misses you. The orc hits you with a +0 dagger.
The steam dragon attacks as you move away!
The steam dragon bites you but does no damage.
The steam dragon claws you.
An electric eel comes into view.
Casting: Searing Ray (safe; 6% risk of failure)
Confirm with . or Enter, or press ? or * to list all spells.
Aiming: Searing Ray (safe; 6% risk of failure)
Press: ? - help, Shift-Dir - straight line, f/p - steam dragon
Aim: a steam dragon (severely wounded, 79% to hit)
The searing ray hits the steam dragon!
The steam dragon is almost dead. (Press . to maintain the ray.)
The steam dragon bites you. The steam dragon claws you.
The orc hits you with a +0 dagger.
* * * LOW HITPOINT WARNING * * *
The searing ray hits the steam dragon.
You kill the steam dragon!
The steam dragon scales are intact enough to wear.
A nearby plant withers and dies.
The electric eel shoots out a bolt of lightning at you!
The bolt of electricity hits you but does no damage.
The electric eel shoots out a bolt of lightning at you!
The bolt of electricity hits you. You resist.
* * * LOW HITPOINT WARNING * * *
The bolt of electricity hits you. You resist.
You die...

.?. .. #..###
### ###..#..
... ....#.##.#
#.$.....##
#........#
#[o# #@.# #..#
..... ....≈.≈S
≈≈S.≈.≈≈≈≈≈
≈≈≈≈≈≈≈≈≈≈≈≈
≈≈≈≈≈≈≈≈≈≈≈≈≈
P≈≈≈≈.≈..≈.≈P.


You could see 2 electric eels and an orc.

Vanquished Creatures
  A steam dragon (D:6)
  4 adders
  A worm (D:2)
  A dart slug (D:3)
  8 bats
  6 endoplasms
  4 giant cockroaches
  6 goblins
  6 hobgoblins
  4 jackals (D:2)
  2 quokkas
  12 ball pythons
  A frilled lizard (D:2)
  4 kobolds
  7 rats
67 creatures vanquished.

Vanquished Creatures (others)
  3 plants (D:6)
3 creatures vanquished.

Grand Total: 70 creatures vanquished

Notes
Turn   | Place    | Note
-------+----------+-------------------------------------------
     0 | D:1      | xian the Gargoyle Conjurer began the quest for the Orb.
     0 | D:1      | Reached XP level 1. HP: 10/10 MP: 3/3
   314 | D:1      | Reached XP level 2. HP: 11/15 MP: 1/5
  1035 | D:1      | Reached XP level 3. HP: 19/19 MP: 4/6
  1117 | D:1      | Reached skill level 5 in Conjurations
  1128 | D:1      | Learned a level 2 spell: Searing Ray
  1829 | D:2      | Reached skill level 1 in Armour
  1974 | D:2      | Reached XP level 4. HP: 24/24 MP: 5/7
  2072 | D:2      | Reached skill level 1 in Unarmed Combat
  3228 | D:3      | Reached XP level 5. HP: 28/28 MP: 7/9
  3383 | D:4      | You fall into a shaft and drop 2 floors!
  3424 | D:6      | Noticed a steam dragon
  3432 | D:6      | Killed a steam dragon
  3432 | D:6      | Killed from afar by an electric eel

Illustrated notes

Levels and vault maps discovered:
D:1:      minmay_arrival_wavy_path, layout_basic
D:2:      layout_basic, dk_vineyard_2
D:3:      layout_loops_ring, minmay_misc_feat_hallway
D:4:      layout_cave_pools, serial_shops, nicolae_shop_crystal, uniq_robin
D:6:      layout_loops_cross, chequers_big_river, minivault_19,
          minmay_misc_feat_diagonals

Skill      XL: |  1  2  3  4 |
---------------+-------------+-----
Conjurations   | 5 |  5.3
Armour         | 1 |  1.7
Unarmed Combat | 1 |  1.1
Spellcasting   | 3 |  3.0
Dodging        | |  1.8
Stealth        | |  2.3

Action                   |  1- 3 |  4- 6 || total
-------------------------+-------+-------++-------
Melee: Unarmed           |    44 |     2 ||    46
 Cast: Magic Dart        |    57 |    56 ||   113
       Searing Ray       |     3 |     4 ||     7
  Use: Potion            |       |     1 ||     1
       Scroll            |       |     2 ||     2
Armor: Ring mail         |    39 |    15 ||    54
Dodge: Dodged            |    41 |    10 ||    51

Table legend: (Time is in decaauts)
 A = Elapsed time spent in this place.
 B = Non-inter-level travel time spent in this place.
 C = Inter-level travel time spent in this place.
 D = Time resting spent in this place.
 E = Time spent auto-exploring this place.
 F = Levels seen in this place.
 G = Mean time per level.
                   A        B        C        D        E       F      G
               +--------+--------+--------+--------+--------+-----+--------+
         Total |   3431 |   3355 |     76 |    513 |   2058 |   5 |  686.2 |
       Dungeon |   3431 |   3355 |     76 |    513 |   2058 |   5 |  686.2 |
               +--------+--------+--------+--------+--------+-----+--------+

Top non-repeatable levels by time:
     D:1: 1741 daAuts
     D:2: 834 daAuts
     D:3: 765 daAuts
     D:6: 48 daAuts
     D:4: 41 daAuts
